 Dungeon Crawl Stone Soup version 0.27-a0-1188-g73eefd5 (webtiles) character file.

Game seed: 6529742534816409737

4668 GeorgeSoros the Geomancer (level 10, -1/56 HPs)
             Began as a Gargoyle Earth Elementalist on May 20, 2021.
             Was a Priest of Vehumet.
             Slain by a yak (4 damage)
             ... on level 9 of the Dungeon on May 21, 2021.
             The game lasted 00:34:45 (13527 turns).

GeorgeSoros the Geomancer (GrEE)                   Turns: 13527, Time: 00:34:46

Health: -1/56      AC: 14    Str: 13    XL:     10   Next: 44%
Magic:  3/13       EV: 11    Int: 18    God:    Vehumet [***...]
Gold:   765        SH:  0    Dex: 16    Spells: 9/13 levels left

rFire    . . .     SeeInvis .   g - +1 mace
rCold    + . .     Faith    +   (no shield)
rNeg     + . .     Spirit   .   D - +1 leather armour {rC+}
rPois    ∞         Reflect  .   (no helmet)
rElec    +         Harm     .   n - +1 cloak
rCorr    .         Rampage  .   (no gloves)
Will     +....                  (no boots)
Stlth    ++........             C - amulet of faith
HPRegen  0.18/turn              b - +6 ring of dexterity
MPRegen  0.13/turn              w - ring of willpower

@: no status effects
A: sickness immunity, AC +7, negative energy resistance 1, electricity
resistance, torment resistance 1, petrification resistance
a: Renounce Religion


You were on level 9 of the Dungeon.
You worshipped Vehumet.
Vehumet was most pleased with you.
You visited 2 branches of the dungeon, and saw 10 of its levels.
You also visited: Ossuary.

You collected 765 gold pieces.

Inventory:

Hand Weapons
 f - a +0 dagger
 g - a +1 mace (weapon)
 v - a +0 morningstar
 x - a +0 trident of flaming
Missiles
 p - 5 javelins
 t - 202 stones
Armour
 m - a +2 scale mail of willpower
 n - a +1 cloak (worn)
 s - a +0 leather armour
 y - a +0 kite shield
 D - a +1 leather armour of cold resistance (worn)
Jewellery
 b - a +6 ring of dexterity (left hand)
 c - an amulet of regeneration
 w - a ring of willpower (right hand)
 C - an amulet of faith (around neck)
 E - an amulet of reflection
Wands
 B - a wand of paralysis (9)
Scrolls
 h - 3 scrolls of magic mapping
 q - 2 scrolls of blinking
 u - a scroll of enchant armour
 A - 4 scrolls of teleportation
 F - 2 scrolls of fear
 G - a scroll of enchant weapon
Potions
 a - a potion of brilliance
 d - 3 potions of mutation {unknown}
 e - a potion of experience {unknown}
 i - 7 potions of heal wounds
 j - a potion of haste {unknown}
 k - a potion of berserk rage {unknown}
 l - 5 potions of flight {unknown}
 o - 5 potions of curing {unknown}
 r - 3 potions of ambrosia
 z - a potion of might {unknown}
 H - a potion of magic {unknown}


   Skills:
 - Level 4.0 Fighting
 + Level 9.0 Armour
 - Level 1.5 Dodging
 - Level 2.1 Stealth
 - Level 2.0 Spellcasting
 + Level 9.0 Conjurations
 - Level 0.7 Transmutations
 + Level 10.8 Earth Magic


You had 9 spell levels left.
You knew the following spells:

 Your Spells              Type           Power      Damage    Failure   Level
a - Sandblast             Erth           80%        2d17      1%          1
b - Stone Arrow           Conj/Erth      74%        3d11      1%          3

Your spell library contained the following spells:

 Spells                   Type           Power      Damage    Failure   Level
 Inner Flame              Hex/Fire       1%         N/A       17%         3
 Magic Dart               Conj           100%       1d8       1%          1
 Searing Ray              Conj           68%        3d5       1%          2
 Lee's Rapid Deconstruct  Erth           20%        3d13*     2%          5
 Passwall                 Tmut/Erth      18%        N/A       3%          2
 Conjure Flame            Conj/Fire      18%        6-21      3%          3
 Dazzling Flash           Conj/Hex       36%        N/A       3%          3
 Mephitic Cloud           Conj/Pois/Air  12%        N/A       5%          3
 Poisonous Vapours        Pois/Air       2%         N/A       9%          2
 Fulminant Prism          Conj/Hex       9%         3d7       10%         4
 Iskenderun's Mystic Bla  Conj/Tloc      18%        2d6       10%         4
 Petrify                  Tmut/Erth      22%        N/A       21%         4
 Corona                   Hex            1%         N/A       22%         1
 Ensorcelled Hibernation  Hex/Ice        2%         N/A       32%         2
 Confusing Touch          Hex            1%         N/A       54%         3
 Gell's Gravitas          Tloc           0%         N/A       54%         3
 Tukima's Dance           Hex            1%         N/A       54%         3
 Yara's Violent Unravell  Hex/Tmut       1%         3d3       75%         5
 Freezing Cloud           Conj/Ice/Air   6%         6-21      90%         6
 Metabolic Englaciation   Hex/Ice        0%         N/A       99%         5


Dungeon Overview and Level Annotations

Branches:
Dungeon (9/15)             Temple (1/1) D:4         Ossuary (visited)
   Lair: D:8-11         Orc: D:9-12

Altars:
Ashenzari
Cheibriados
Dithmenos
Elyvilon
Fedhas
Gozag
Hepliaklqana
Kikubaaqudgha
Makhleb
Okawaru
Qazlal
Ru
Sif Muna
Trog
Uskayaw
Vehumet
Wu Jian
Xom
Yredelemnul
Zin
The Shining One

Annotations:
D:2 Pikel
D:7 exclusion: ice statue


Innate Abilities, Weirdness & Mutations

You are immune to sickness and miasma.
Your stone body is resilient. (AC +7)
You are immune to poison.
You resist negative energy. (rN+)
You are resistant to electric shocks. (rElec)
You are resistant to unholy torment.
You are immune to petrification.


Message History

There is an open door here.
Things that are here:
a +0 giant club; a +0 giant spiked club; a two-headed ogre corpse
There is an open door here.
There is an open door here.
There is an open door here.
You see here a +0 club.
There is a stone staircase leading up here.
The yak gores you.
You climb upwards.
There is a stone staircase leading down here.
The yak gores you but does no damage.
You climb downwards.
The yak misses you.
There is a stone staircase leading up here.
The yak gores you!
* * * LOW HITPOINT WARNING * * *
The yak gores you but does no damage.
There is an open door here.
You see here a +0 club.
Casting: Stone Arrow (safe; 1% risk of failure)
Confirm with . or Enter, or press ? or * to list all spells.
Aiming: Stone Arrow (safe; 1% risk of failure)
Press: ? - help, Shift-Dir - straight line, f - yak
Aim: a yak (84% to hit)
The stone arrow hits the yak!!
The yak is heavily wounded.
The yak gores you.
* * * LOW HITPOINT WARNING * * *
Casting: Stone Arrow (safe; 1% risk of failure)
Confirm with . or Enter, or press ? or * to list all spells.
Aiming: Stone Arrow (safe; 1% risk of failure)
Press: ? - help, Shift-Dir - straight line, f/p - yak
Aim: a yak (heavily wounded, 84% to hit)
The stone arrow hits the yak!
The yak is almost dead.
The yak gores you!
* * * LOW HITPOINT WARNING * * *
There is an open door here.
The yak gores you.
You die...

## # # #. # ####'#####
######+###### # #........#
#...........# #### +........#
#...........###... #..<.....#
#...........'.#.Y.
#........####...........#.#...
#........)Y.Y@..........#.)...
#........####...........###...
#........# ############# #...
#...[.<..# #... ##########
####


You could see 2 yaks.

Vanquished Creatures
  A two-headed ogre (D:9)
  Sigmund (D:5)
  3 yaks (D:9)
  A warg (D:9)
  A water moccasin (D:8)
  2 sky beasts (D:7)
  5 ice beasts
  A black bear (D:5)
  3 ogres
  2 phantoms
  3 lemures
  2 scorpions
  2 gnoll sergeants
  A water moccasin zombie (D:6)
  A wyvern skeleton (D:3)
  13 killer bees
  3 howler monkeys (D:8)
  A crimson imp (D:7)
  A centaur zombie (D:8)
  A bullfrog zombie (D:6)
  2 jellies
  A gnoll shaman (D:3)
  2 hounds
  5 orc priests
  3 iguanas
  5 orc wizards
  8 mummies (Ossuary)
  A howler monkey zombie (D:6)
  10 adders
  11 gnolls
  A shadow imp (D:4)
  2 white imps (D:7)
  An ufetubus (D:4)
  An adder skeleton (D:4)
  A worm (D:5)
  4 dart slugs
  21 orcs
  9 ball pythons
  5 bats
  8 endoplasms
  3 giant cockroaches
  2 gnoll zombies (Ossuary)
  5 goblins
  4 hobgoblins
  11 jackals
  6 kobolds
  A quokka (D:5)
  2 frilled lizards (D:1)
  A goblin skeleton (D:7)
  A goblin zombie (D:7)
  6 hobgoblin zombies
  A kobold skeleton (D:7)
  3 kobold zombies
  2 orc skeletons (D:7)
  3 orc zombies
  5 rats
205 creatures vanquished.

Notes
Turn   | Place    | Note
-------+----------+-------------------------------------------
     0 | D:1      | GeorgeSoros the Gargoyle Earth Elementalist began the quest
                  | for the Orb.
     0 | D:1      | Reached XP level 1. HP: 10/10 MP: 3/3
   439 | D:1      | Reached skill level 1 in Fighting
   439 | D:1      | Reached XP level 2. HP: 16/16 MP: 3/5
   502 | D:1      | Reached skill level 4 in Earth Magic
   827 | D:1      | Reached XP level 3. HP: 21/21 MP: 4/6
  1195 | D:2      | Found a faded altar of an unknown god.
  1416 | D:2      | Learned a level 3 spell: Stone Arrow
  2024 | D:3      | Reached XP level 4. HP: 27/27 MP: 4/7
  2090 | D:3      | Reached skill level 1 in Armour
  2090 | D:3      | Reached skill level 1 in Conjurations
  2090 | D:3      | Reached skill level 5 in Earth Magic
  2205 | D:3      | Found a hazy altar of Hepliaklqana.
  2593 | D:3      | Reached XP level 5. HP: 25/32 MP: 6/8
  2613 | D:3      | HP: 1/32 [something/puff of flame (6)]
  2897 | D:3      | Found a snail-covered altar of Cheibriados.
  3061 | D:3      | Found a burning altar of Makhleb.
  3350 | D:4      | Found a sand-covered staircase.
  3355 | Ossuary  | Entered an ossuary
  3418 | Ossuary  | Reached XP level 6. HP: 22/37 MP: 1/9
  4011 | D:4      | Found a staircase to the Ecumenical Temple.
  4016 | Temple   | Entered the Ecumenical Temple
  4206 | Temple   | Became a worshipper of Vehumet
  4617 | D:4      | Reached XP level 7. HP: 35/43 MP: 10/10
  4898 | D:4      | Reached skill level 6 in Earth Magic
  5265 | D:4      | Noticed Pikel
  7336 | D:5      | Entered Level 5 of the Dungeon
  7395 | D:5      | Found an opulent altar of Gozag.
  7561 | D:5      | Noticed Sigmund
  7635 | D:5      | Killed Sigmund
  7636 | D:5      | Reached skill level 7 in Earth Magic
  7636 | D:5      | Reached XP level 8. HP: 46/48 MP: 1/11
  7871 | D:5      | Reached skill level 5 in Armour
  7871 | D:5      | Reached skill level 5 in Conjurations
  8552 | D:5      | Found a blossoming altar of Fedhas.
  8563 | D:5      | Reached skill level 8 in Earth Magic
  9276 | D:6      | Found an ornate altar of the Wu Jian Council.
  9380 | D:6      | Reached * piety under Vehumet
  9380 | D:6      | Offered knowledge of Shock by Vehumet.
  9460 | D:5      | Reached XP level 9. HP: 49/52 MP: 4/12
 10706 | D:7      | Reached skill level 9 in Earth Magic
 10813 | D:7      | Noticed an ice statue
 10957 | D:7      | Found a glowing golden altar of the Shining One.
 10987 | D:7      | Reached ** piety under Vehumet
 10987 | D:7      | Offered knowledge of Static Discharge by Vehumet.
 11437 | D:7      | Found a shimmering blue altar of Sif Muna.
 11570 | D:8      | Found a broken altar of Ashenzari.
 12415 | D:8      | Reached skill level 10 in Earth Magic
 12531 | D:8      | Offered knowledge of Inner Flame by Vehumet.
 12658 | D:8      | Found an ancient bone altar of Kikubaaqudgha.
 12659 | D:8      | Found a white marble altar of Elyvilon.
 12659 | D:8      | Found a hide-covered altar of Uskayaw.
 12875 | D:9      | Reached XP level 10. HP: 17/56 MP: 3/13
 12875 | D:9      | HP: 1/56 [acid (12)]
 13217 | D:9      | Reached *** piety under Vehumet
 13374 | D:9      | Noticed a two-headed ogre
 13377 | D:9      | Killed a two-headed ogre
 13527 | D:9      | Slain by a yak

Illustrated notes

Levels and vault maps discovered:
D:1:      matt_arrival_spirals, layout_basic
D:2:      layout_basic, shapermc_ecumenical_altar_starsandcircs
D:3:      layout_loops_ring, old_standard_altar, lightli_temple_of_fire,
          cheibriados_altar_1
D:4:      minmay_opposing_rooms, layout_loops_corners,
          minmay_temple_entry_wispy, enter_ossuary_5, minmay_diced_spiral,
          uniq_pikel
D:5:      layout_basic, amcnicky_altar_gilded, old_standard_altar,
          feat_on_display, uniq_sigmund
D:6:      layout_cave_pools, kennysheep_mini_moat, hangedman_decor_riveting
D:7:      lemuel_ice_statue, layout_loops_ring, led_sif_pool,
          nicolae_tso_besieged_by_evil
D:8:      layout_rooms, ashenzari_altar_1,
          chequers_temple_overflow_statue_of_worship
D:9:      layout_roguey, erik_lair_orcish_takeover, minmay_ruined_shrine
Temple:   nicolae_temple_figure_zero

Skill      XL: |  1  2  3  4  5  6  7  8  9 10 |
---------------+-------------------------------+-----
Fighting       | 1 2 3 4 |  4.0
Earth Magic    | 4 5 7 8 10 | 10.8
Armour         | 1 2 3 4 6 8 9 |  9.0
Conjurations   | 1 2 3 4 6 8 9 |  9.0
Dodging        | |  1.5
Stealth        | |  2.1
Spellcasting   | |  2.0
Transmutations | |  0.7

Action                   |  1- 3 |  4- 6 |  7- 9 | 10-12 || total
-------------------------+-------+-------+-------+-------++-------
Melee: Unarmed           |    25 |       |       |       ||    25
       Dagger            |     8 |       |       |       ||     8
       Mace              |    16 |   128 |   420 |    40 ||   604
 Cast: Sandblast         |    32 |    78 |     9 |       ||   119
       Stone Arrow       |       |       |   110 |    18 ||   128
  Use: Scroll            |     5 |     8 |     5 |     1 ||    19
       Potion            |       |     1 |       |       ||     1
 Stab: Sleeping          |     2 |       |       |       ||     2
Armor: Robe              |    34 |    10 |       |       ||    44
       Scale mail        |       |   113 |   167 |       ||   280
       Leather armour    |       |       |   153 |    22 ||   175
Dodge: Dodged            |    66 |    86 |   285 |    45 ||   482

Table legend: (Time is in decaauts)
 A = Elapsed time spent in this place.
 B = Non-inter-level travel time spent in this place.
 C = Inter-level travel time spent in this place.
 D = Time resting spent in this place.
 E = Time spent auto-exploring this place.
 F = Levels seen in this place.
 G = Mean time per level.
                   A        B        C        D        E       F      G
               +--------+--------+--------+--------+--------+-----+--------+
         Total |  13782 |  13410 |    372 |   1175 |   9475 |  11 | 1252.9 |
       Dungeon |  12976 |  12615 |    361 |   1175 |   8840 |   9 | 1441.8 |
        Temple |    202 |    191 |     11 |      0 |    178 |   1 |  202.0 |
       Ossuary |    602 |    602 |      0 |      0 |    457 |   1 |  602.0 |
               +--------+--------+--------+--------+--------+-----+--------+

Top non-repeatable levels by time:
     D:4: 2549 daAuts
     D:3: 2137 daAuts
     D:5: 2126 daAuts
     D:7: 1719 daAuts
     D:8: 1340 daAuts
     D:1: 1104 daAuts
     D:2: 887 daAuts
     D:6: 726 daAuts
 Ossuary: 602 daAuts
     D:9: 385 daAuts
  Temple: 202 daAuts
